 Dungeon Crawl Stone Soup version 0.18-a0-1560-ge216ca8 (webtiles) character file.

113 SlimeFever the Slasher (level 4, 0/37 HPs)
             Began as a Demonspawn Chaos Knight on Mar 13, 2016.
             Slain by an orc
             ... wielding a +0 war axe
              (6 damage)
             ... on level 3 of the Dungeon.
             The game lasted 00:11:38 (1772 turns).

SlimeFever the Slasher (Demonspawn Chaos Knight)    Turns: 1772, Time: 00:11:38

Health: 0/37       AC:  7    Str: 13    XL:     4   Next: 65%
Magic:  4/4        EV: 12    Int: 15    God:    Xom [......]
Gold:   65         SH:  0    Dex: 13    Spells: 0 memorised, 3 levels left

rFire  . . .     SeeInvis .     a - +0 falchion (chaos)
rCold  . . .     Gourm    .     b - +3 leather armour
rNeg   + . .     Faith    .     (no shield)
rPois  +         Spirit   .     (helmet restricted)
rElec  +         Dismiss  .     (no cloak)
rCorr  .         Reflect  .     m - +0 pair of gloves
SustAt .         Harm     .     (no boots)
MR     .....                    (no amulet)
Stlth  +.........               l - ring of positive energy
                                d - ring of poison resistance

@: not resistant to hostile enchantments, very unstealthy
A: horns 1, clever 1, demonic guardian 1, electricity resistance, sturdy frame 1
a: Renounce Religion


You were on level 3 of the Dungeon.
You worshipped Xom.
You were a very special plaything of Xom.
You were not hungry.

You visited 1 branch of the dungeon, and saw 3 of its levels.

You collected 65 gold pieces.

Inventory:

Hand Weapons
 a - a +0 falchion of chaos (weapon)
Missiles
 i - 23 arrows
 k - 17 bolts
Armour
 b - a +3 leather armour (worn)
 m - a +0 pair of gloves (worn)
Jewellery
 d - a ring of poison resistance (left hand)
 l - a ring of positive energy (right hand)
Wands
 n - a wand of heal wounds (4/9)
Scrolls
 e - a scroll of remove curse
Potions
 j - a potion of ambrosia {unknown}
 o - a potion of resistance {unknown}
Comestibles
 c - 2 bread rations


   Skills:
 + Level 3.8 Fighting
 * Level 3.8 Long Blades
 + Level 2.2 Armour
 + Level 1.7 Dodging
 + Level 0.2 Stealth


You had 3 spell levels left.
You didn't know any spells.

Dungeon Overview and Level Annotations

Branches:
Dungeon (3/15)

Altars:
Pakellas


Innate Abilities, Weirdness & Mutations

You have a pair of small horns on your head.
A weak demonic guardian rushes to your aid.
Your movements are slightly less encumbered by armour (ER -2).
Your mind is acute. (Int +2)
You are resistant to electric shocks.


Message History

You closely miss the giant cockroach.
The giant cockroach is severely wounded.
The giant cockroach bites you but does no damage.
You closely miss the giant cockroach.
The giant cockroach is severely wounded.
The giant cockroach bites you but does no damage. x2
You closely miss the giant cockroach. You headbutt the giant cockroach.
You kill the giant cockroach!
You slash the orc!
You kill the orc!
The kobold throws a stone.
The stone hits you but does no damage.
The kobold throws a stone.
You hit something but do no damage. Something hits you!
* * * LOW HITPOINT WARNING * * *
You feel better. Something hits you.
* * * LOW HITPOINT WARNING * * *
You hit something. Something hits you but does no damage.
You hit something but do no damage. You headbutt something. Something hits you.
You die... "This toy is broken."

...............
................
........o.......
..... #%...$...
.#..# #........
.#..# #..<.....
##.#..# ##........
#..#..###.........
#@##..##.K..#####.
#{##{.......#
#oK..o.o...##
#...s......#
#.........##
###...##### #....#
#.....# ####..#


You could see an orc and a kobold.

Vanquished Creatures
  An orc priest (D:3)
  4 adders
  A worm (D:2)
  A dart slug (D:1)
  3 giant geckos
  2 orcs (D:3)
  2 bats (D:1)
  4 giant cockroaches
  4 goblins
  4 hobgoblins
  8 kobolds
  8 rats
42 creatures vanquished.

Vanquished Creatures (others)
  An adder (D:3)
  A bat (D:3)
  A giant cockroach (D:3)
3 creatures vanquished.

Grand Total: 45 creatures vanquished

Notes
Turn   | Place    | Note
--------------------------------------------------------------
     0 | D:1      | SlimeFever the Demonspawn Chaos Knight began the quest for the Orb.
     0 | D:1      | Reached XP level 1. HP: 18/18 MP: 1/1
   249 | D:1      | Gained mutation: A weak demonic guardian rushes to your aid. [demonic ancestry]
   249 | D:1      | Reached XP level 2. HP: 22/24 MP: 2/2
   397 | D:1      | Reached skill level 1 in Dodging
   536 | D:1      | XOM: divination: detect creatures
   648 | D:1      | XOM: divination: detect creatures
   875 | D:1      | Gained mutation: You have a pair of small horns on your head. [demonic ancestry]
   875 | D:1      | Reached XP level 3. HP: 29/29 MP: 3/3
  1194 | D:2      | Found an oddly glowing altar of Pakellas.
  1407 | D:2      | XOM: cast spell 'Statue Form'
  1440 | D:2      | Gained mutation: Your movements are slightly less encumbered by armour (ER -2). [demonic ancestry]
  1440 | D:2      | Reached XP level 4. HP: 35/35 MP: 4/4
  1619 | D:2      | XOM: medium Fire miscast
  1726 | D:3      | XOM: summons 4 hostile shadow creatures
  1727 | D:3      | Gained mutation: You are resistant to electric shocks. [potion of beneficial mutation]
  1732 | D:3      | Gained mutation: Your mind is acute. (Int +2) [potion of beneficial mutation]
  1772 | D:3      | Slain by an orc

Vault maps used:
D:1:      roderic_crop_circles_arrival_small
D:2:      grunt_pakellas_basics
D:3:      okawaru_altar_gauntlet_db, first_bread, minmay_shallow_snake_nest

Skill      XL: |  1  2 |
---------------+-------+-----
Armour         | 2 |  2.2
Long Blades    | 3 |  3.8
Dodging        | 1 |  1.7
Fighting       | |  3.8
Stealth        | |  0.2

Action                   |  1- 3 |  4- 6 || total
-------------------------+-------+-------++-------
Melee: Falchion          |   107 |    30 ||   137
  Use: Scroll            |     4 |       ||     4
       Potion            |       |     4 ||     4
 Stab: Confused          |     1 |       ||     1
       Distracted        |       |     1 ||     1
  Eat: Meat ration       |     1 |       ||     1
